 Dungeon Crawl Stone Soup version 0.29.0-10-g45618ea6d2 (webtiles) character file.

Game seed: 1285961516479007427

51 xian the Trooper (level 3, -4/27 (29) HPs)
             Began as a Demonspawn Chaos Knight on Sept 2, 2022.
             Was a Plaything of Xom.
             Killed by nerve-wracking pain
             ... invoked by an orc priest
              (8 damage)
             ... on level 2 of the Dungeon.
             The game lasted 00:04:32 (2056 turns).

xian the Trooper (Demonspawn Chaos Knight)          Turns: 2056, Time: 00:04:32

HP:   -4/27 (29)    AC:  5    Str: 14    XL:     3   Next: 57%
MP:   3/3           EV: 11    Int: 13    God:    Xom [...*..]
Gold: 55            SH:  0    Dex: 12    Spells: 2/2 levels left

rFire   . . .      SeeInvis .   e - +5 scimitar (vorpal)
rCold   . . .      Faith    .   (no shield)
rNeg    . . .      Spirit   .   b - +2 leather armour
rPois   .          Reflect  .   (helmet restricted)
rElec   .          Harm     .   (no cloak)
rCorr   .          Rampage  .   (no gloves)
Will    .....                   (no boots)
Stlth   +.........              g - amulet of the acrobat
HPRegen 0.09/turn               (no ring)
MPRegen 0.08/turn               (no ring)

@: drained, invisible
A: horns 2
a: Renounce Religion


You were on level 2 of the Dungeon.
You worshipped Xom.
You were a favourite toy of Xom.
You visited 1 branch of the dungeon, and saw 2 of its levels.

You collected 55 gold pieces.

Inventory:

Hand Weapons
 a - a +0 hand axe of chaos
 e - a +5 vorpal scimitar (weapon)
Missiles
 f - a throwing net
 p - 2 poisoned darts
Armour
 b - a +2 leather armour (worn)
 o - a +0 plate armour
Jewellery
 g - an amulet of the acrobat (around neck)
Scrolls
 i - a scroll of blinking {unknown}
 j - a scroll of fear {unknown}
 k - a scroll of brand weapon {unknown}
 n - a scroll of teleportation {unknown}
Potions
 d - a potion of curing {unknown}
 l - a potion of experience {unknown}
 m - a potion of haste {unknown}
Miscellaneous
 c - a piece from Xom's chessboard (15/15) (quivered)


   Skills:
 + Level 3.4 Fighting
 + Level 0.7 Long Blades
 + Level 3.3 Axes
 + Level 2.1 Armour
 + Level 1.0 Dodging
 + Level 0.4 Stealth


You had 2 spell levels left.
You didn't know any spells.
Your spell library was empty.

Dungeon Overview and Level Annotations

Branches:
Dungeon (2/15)

Altars:
Hepliaklqana


Innate Abilities, Weirdness & Mutations

You have a pair of horns on your head.


Message History

p - 2 poisoned darts A dart slug comes into view.
A dart slug is nearby!
The dart slug launches a dart at you. The slug dart misses you.
You slash the dart slug!
You kill the dart slug!
An adder comes into view.
The adder hisses angrily.
You hear a shout!
A ball python and 3 orcs come into view.
An orc is wielding a +2 whip of draining.
An orc is wielding a +2 vorpal mace.
The ball python hisses angrily.
The orc shouts! x3; You hear a shout!
An orc priest comes into view. It is wielding a +0 club.
The adder bites you but does no damage.
You slash the adder!
You kill the adder!
You closely miss the ball python. The ball python closely misses you. x2
The orc attacks as you move away! The orc hits you with a +0 flail.
You hit the ball python.
You kill the ball python!
The orc closely misses you.
You barely miss the orc priest. The orc priest hits you with a +0 club.
The orc hits you with a +0 flail.
You slash the orc priest! Your headbutt misses the orc priest.
The orc priest is heavily wounded.
The orc closely misses you. The orc hits you but does no damage.
You feel drained. The orc hits you with a +2 vorpal mace!
A shower of butterflies erupts from you!
The orc priest hits you but does no damage.
The orc hits you with a +0 flail!
* * * LOW HITPOINT WARNING * * *
The orc hits you with a +2 whip of draining.
* * * LOW HITPOINT WARNING * * *
You feel drained.
It was a potion of invisibility.
You fade into invisibility!
The orc closely misses you.
The orc priest invokes the aid of Beogh against you.
Pain shoots through your body!
You die...

#.....# ###....
#.....# #....
#.....# #....
#.....# #########
#.....# #........
##...b.#####........
#...b..#............
#.ooo..#............
#.o@####............
#...####............
#.bb................
#..bb...............
#....._..###########
#........#
####......# #####
##.#...# #....
#.....# #.....


You could see an orc priest (unable to see you) and 3 orcs.

Vanquished Creatures
  An adder (D:2)
  A worm (D:2)
  2 dart slugs (D:2)
  3 bats
  An endoplasm (D:1)
  A giant cockroach (D:1)
  4 goblins
  5 hobgoblins
  2 kobolds (D:1)
  2 quokkas (D:1)
  5 ball pythons
  3 frilled lizards (D:1)
  4 rats (D:1)
34 creatures vanquished.

Notes
Turn   | Place    | Note
-------+----------+-------------------------------------------
     0 | D:1      | xian the Demonspawn Chaos Knight began the quest for the
                  | Orb.
     0 | D:1      | Reached XP level 1. HP: 18/18 MP: 1/1
   343 | D:1      | Discovered your monstrous ancestry.
   343 | D:1      | Gained mutation: You have a pair of small horns on your
                  | head. [demonic ancestry]
   343 | D:1      | Reached XP level 2. HP: 24/24 MP: 2/2
   385 | D:1      | Identified a scroll of acquirement
   385 | D:1      | Acquired a +5 vorpal scimitar
   478 | D:1      | XOM: noise
  1404 | D:2      | Reached skill level 1 in Dodging
  1422 | D:2      | Gained mutation: You have a pair of horns on your head.
                  | [demonic ancestry]
  1422 | D:2      | Reached XP level 3. HP: 29/29 MP: 3/3
  1647 | D:2      | XOM: 7-stop teleportation journey
  1954 | D:2      | XOM: noise
  2028 | D:2      | Found a hazy altar of Hepliaklqana.
  2055 | D:2      | XOM: butterfly on damage
  2056 | D:2      | Killed from afar by an orc priest

Illustrated notes

Levels and vault maps discovered:
D:1:      psy_arrival_dodecagon, layout_basic
D:2:      layout_basic, basic_altar

Skill      XL: |  1  2 |
---------------+-------+-----
Axes           | 3 |  3.3
Armour         | 2 |  2.1
Dodging        | 1 |  1.0
Fighting       | |  3.4
Long Blades    | |  0.7
Stealth        | |  0.4

Action                   || total
-------------------------++-------
Melee: Hand axe          ||    17
       Scimitar          ||    58
       Headbutt          ||     5
  Use: Scroll            ||     2
       Potion            ||     1
Armor: Leather armour    ||    26
Dodge: Dodged            ||    66
